 Dungeon Crawl Stone Soup version 0.20.1-1-g8b1a95d (webtiles) character file.

3127 equalderp2856 the Cleaver (level 9, -4/75 HPs)
             Began as a Minotaur Fighter on July 29, 2017.
             Slain by an orc warrior
             ... wielding a +0 trident
              (22 damage)
             ... on level 7 of the Dungeon.
             The game lasted 00:18:12 (10039 turns).

equalderp2856 the Cleaver (Minotaur Fighter)       Turns: 10039, Time: 00:18:13

Health: -4/75      AC:  9    Str: 24    XL:     9   Next: 61%
Magic:  12/12      EV: 11    Int:  6    God:
Gold:   189        SH: 10    Dex: 12    Spells: 12/14 levels left

rFire    + . .     SeeInvis .   a - +0 war axe
rCold    . . .     Gourm    .   c - +0 shield
rNeg     . . .     Faith    .   b - +0 scale mail
rPois    .         Spirit   .   (helmet restricted)
rElec    .         Reflect  .   (no cloak)
rCorr    .         Harm     .   (no gloves)
MR       .....                  (no boots)
Stlth    ..........             (no amulet)
Regen    0.3/turn               T - ring of the Octopus King {rF+ AC+1 EV+1 Str+1 Int+1 Dex+1}
MPRegen  0.2/turn               (no ring)

@: starving
A: retaliatory headbutt, horns 2
a: no special abilities


You were on level 7 of the Dungeon.
You were starving.

You visited 1 branch of the dungeon, and saw 7 of its levels.
You also visited: Ossuary.

You collected 189 gold pieces.

Inventory:

Hand Weapons
 a - a +0 war axe (weapon)
 t - a +0 hunting sling
 I - a +0 trident
 J - a +1 dagger of draining
 L - a +4 falchion of holy wrath
 U - a +0 long sword
Missiles
 p - 86 stones (quivered)
 q - 20 bolts
 z - 88 arrows
 E - 33 sling bullets
 F - 6 tomahawks
Armour
 b - a +0 scale mail (worn)
 c - a +0 shield (worn)
 K - the +0 leather armour of the Morning {rN+++ Str+4 Int-3, unknown}
   (You found it on level 5 of the Dungeon)

   It affects your strength (+4).
   It affects your intelligence (-3).
   It renders you almost immune to negative energy.
 M - a cursed -2 leather armour
Jewellery
 k - a cursed ring of wizardry {unknown}
 Q - a +3 ring of evasion {unknown}
 S - an uncursed ring of protection from cold {unknown}
 T - a ring of the Octopus King (left hand) {rF+ AC+1 EV+1 Str+1 Int+1 Dex+1}
   (You found it on level 5 of the Dungeon)

   [ring of protection from fire]

   It affects your AC (+1).
   It affects your evasion (+1).
   It affects your strength (+1).
   It affects your intelligence (+1).
   It affects your dexterity (+1).
   It protects you from fire.
Wands
 O - a wand of digging (11/24)
Scrolls
 e - 11 scrolls of identify {unknown}
 j - 8 scrolls of remove curse {unknown}
 m - a scroll of recharging {unknown}
 n - 2 scrolls of enchant weapon {unknown}
 o - 5 scrolls of fear {unknown}
 s - 5 scrolls of teleportation {unknown}
 u - 2 scrolls of blinking {unknown}
 v - 3 scrolls of enchant armour {unknown}
 x - a scroll of noise {unknown}
 B - 2 scrolls of random uselessness {unknown}
 H - 6 scrolls of immolation {unknown}
 P - a scroll of brand weapon {unknown}
 W - 2 scrolls of fog {unknown}
Potions
 d - 2 potions of might
 g - 2 potions of resistance {unknown}
 h - 2 potions of degeneration {unknown}
 i - 4 potions of heal wounds {unknown}
 l - 4 potions of agility {unknown}
 r - 6 potions of curing {unknown}
 w - a potion of flight {unknown}
 A - a potion of brilliance {unknown}
 D - 4 potions of berserk rage {unknown}
 N - 4 potions of lignification {unknown}
 R - a potion of mutation {unknown}
 V - a potion of ambrosia {unknown}
Books
 y - Jessica's Compendium of Beguiling
   (You found it on level 2 of the Dungeon)

   Spells                             Type                      Level
   a - Slow                           Hexes                        2
Comestibles
 f - 5 bread rations
 G - 2 royal jellies


   Skills:
 + Level 6.1 Fighting
 + Level 9.3 Axes
 + Level 7.4 Armour
 + Level 3.3 Dodging
 + Level 0.8 Stealth
 + Level 6.1 Shields
 * Level 3.2 Spellcasting
 * Level 3.3 Hexes


You had 12 spell levels left.
You knew the following spells:

 Your Spells              Type           Power        Failure   Level  Hunger
a - Slow                  Hex            #.......     69%         2    ###....


Dungeon Overview and Level Annotations

Branches:
Dungeon (7/15)             Temple (0/1) D:5

Altars:
Dithmenos
Fedhas
Xom
Zin

Shops:
D:6 =   D:7 ?

Annotations:
D:2 1 runed door
D:3 1 runed door
D:7 equalderp2856's ghost, novice MiFi


Innate Abilities, Weirdness & Mutations

You reflexively headbutt those who attack you in melee.
You have a pair of horns on your head.


Message History

You climb downwards.
Level annotation: equalderp2856's ghost, novice MiFi The orc warrior hits you with a trident!
There is a stone staircase leading up, spattered with blood here.
You hit the orc warrior but do no damage.
You block the orc warrior's attack.
You hit the orc warrior but do no damage.
The orc warrior hits you with a trident!
You barely miss the orc warrior. You block the orc warrior's attack.
You hit the orc warrior but do no damage.
You block the orc warrior's attack.
You hit the orc warrior. You headbutt the orc warrior!
The orc warrior is heavily wounded.
The orc warrior hits you with a trident!
* * * LOW HITPOINT WARNING * * *
You hit the orc warrior but do no damage.
You headbutt the orc warrior!
The orc warrior is almost dead.
The orc warrior hits you with a trident!!
You die...

... ... ...#
#.# ..... #.#
...(.# #.#
......###.#####
..............#
.......)......#
......†[......#
........o@....#
.........(....#
..............#
..............#
...#...:......#
...############
..


You could see an orc warrior.

Vanquished Creatures
  A two-headed ogre (D:6)
  Eustachio (D:5)
  A sky beast (D:6)
  2 ice beasts
  2 phantoms (D:5)
  3 ogres
  2 bullfrogs (D:6)
  12 scorpions
  A centaur zombie (Ossuary)
  A crimson imp (D:6)
  A human zombie (Ossuary)
  An orc priest (D:3)
  2 hounds
  2 orc wizards
  Jessica (D:2)
  2 bullfrog skeletons
  4 iguanas
  5 worker ants
  2 big kobold zombies (Ossuary)
  3 mummies (Ossuary)
  A howler monkey skeleton (D:4)
  4 gnolls (D:3)
  2 scorpion zombies (Ossuary)
  12 adders
  3 oozes
  3 adder skeletons
  5 worms
  3 dart slugs
  4 leopard geckos
  18 orcs
  4 giant cockroaches
  2 gnoll zombies (Ossuary)
  9 goblins
  4 hobgoblins
  4 jackals (D:4)
  8 kobolds
  A quokka (D:2)
  7 bats
  6 frilled lizards
  A goblin zombie (Ossuary)
  3 kobold zombies (Ossuary)
  A leopard gecko zombie (D:6)
  4 orc zombies (Ossuary)
  A quokka zombie (D:6)
  6 rats
165 creatures vanquished.

Vanquished Creatures (others)
  A scorpion zombie (Ossuary)
1 creature vanquished.

Grand Total: 166 creatures vanquished

Notes
Turn   | Place    | Note
-------+----------+-------------------------------------------
     0 | D:1      | equalderp2856 the Minotaur Fighter began the quest for the Orb.
     0 | D:1      | Reached XP level 1. HP: 19/19 MP: 0/0
   178 | D:1      | Reached XP level 2. HP: 25/27 MP: 1/1
   979 | D:1      | Reached skill level 3 in Axes
   979 | D:1      | Reached XP level 3. HP: 33/33 MP: 2/2
  1358 | D:2      | Reached skill level 1 in Dodging
  1493 | D:2      | Found a runed door.
  1543 | D:2      | Noticed Jessica
  1550 | D:2      | Killed Jessica
  1550 | D:2      | Reached XP level 4. HP: 40/40 MP: 3/3
  1564 | D:2      | Identified Jessica's Compendium of Beguiling
  1582 | D:2      | Learned a level 2 spell: Slow
  2332 | D:3      | Reached XP level 5. HP: 36/46 MP: 4/4
  2625 | D:3      | Found a runed door.
  2625 | D:3      | Found a glowing silver altar of Zin.
  2625 | D:3      | Noticed an angel
  3439 | D:4      | Reached skill level 4 in Axes
  3764 | D:4      | Found a shadowy altar of Dithmenos.
  3840 | D:4      | Reached skill level 5 in Armour
  3840 | D:4      | Reached skill level 1 in Spellcasting
  3840 | D:4      | Reached skill level 1 in Hexes
  3840 | D:4      | Reached XP level 6. HP: 50/53 MP: 6/6
  4506 | D:5      | Entered Level 5 of the Dungeon
  4549 | D:5      | Got a brightly glowing leather armour
  4565 | D:5      | Noticed Eustachio
  4593 | D:5      | Killed Eustachio
  4593 | D:5      | Reached skill level 5 in Axes
  4593 | D:5      | Reached XP level 7. HP: 37/60 MP: 6/8
  5216 | D:5      | Reached skill level 6 in Axes
  5216 | D:5      | Reached skill level 5 in Shields
  5395 | D:5      | Got a ring of the Octopus King
  5437 | D:5      | Found a staircase to the Ecumenical Temple.
  5587 | D:5      | Reached XP level 8. HP: 40/67 MP: 8/10
  5713 | D:5      | Identified a ring of the Octopus King {rF+ AC+1 EV+1 Str+1 Int+1 Dex+1} (You found it on level 5 of the Dungeon)
  6604 | D:6      | Found a blossoming altar of Fedhas.
  6619 | D:6      | Noticed a two-headed ogre
  6921 | D:6      | Reached skill level 5 in Fighting
  7159 | D:6      | Reached skill level 7 in Axes
  7242 | D:6      | Found Naunwof's Jewellery Shop.
  7267 | D:6      | Found a shimmering altar of Xom.
  7314 | D:6      | Noticed a two-headed ogre
  7325 | D:6      | Killed a two-headed ogre
  7325 | D:6      | Reached skill level 8 in Axes
  7325 | D:6      | Reached XP level 9. HP: 32/74 MP: 10/12
  8372 | D:7      | Found Denoeme's Magic Scroll Boutique.
  8380 | D:7      | Noticed equalderp2856's ghost (novice MiFi)
  8385 | D:7      | Found a sand-covered staircase.
  8407 | Ossuary  | Entered an ossuary
  8906 | Ossuary  | Reached skill level 9 in Axes
 10039 | D:7      | Slain by an orc warrior

Skill      XL: |  1  2  3  4  5  6  7  8  9 |
---------------+----------------------------+-----
Fighting       | 4 5 6 |  6.1
Armour         | 4 5 6 7 |  7.4
Axes           | 3 4 5 6 8 9 |  9.3
Shields        | 4 5 6 |  6.1
Dodging        | 1 2 3 |  3.3
Spellcasting   | 1 2 3 |  3.2
Hexes          | 1 2 3 |  3.3
Stealth        | |  0.8

Action                   |  1- 3 |  4- 6 |  7- 9 || total
-------------------------+-------+-------+-------++-------
Melee: War axe           |    93 |   128 |   259 ||   480
       Headbutt          |    19 |    19 |    56 ||    94
  Eat: Chunk             |     2 |     9 |     8 ||    19
       Fruit             |       |       |     7 ||     7
       Royal jelly       |       |       |     1 ||     1
Armor: Scale mail        |    44 |    61 |    90 ||   195
Dodge: Dodged            |    36 |    59 |    89 ||   184
Block: Shield            |    54 |    72 |   146 ||   272
